AoeStats
← HR Pinkman

Arabia

509193732Analyzed
1v1 RM · 5d ago on Sep 25, 2026· 41m 0s· 2 players
Game mode
Random Map
Map size
Tiny (2 player)
Population
200
Speed
Normal
Resources
Standard
Victory
Conquest
Starting age
Dark Age
Ending age
Imperial Age
RankedLock teamsTeams togetherTeam positionsShared explorationLock speedFull tech treeHidden civsTurbo modeCheats
Victory
Defeat
🇦🇷 Britons · Argentina
2269
+12
🇨🇱 Maya · Chile
2190
-12
HR Pinkman
0:27 Loom
8:51 Feudal Age
9:21 Double-Bit Axe
15:25 Fletching
19:44 Castle Age
19:17 Scale Mail Armor
20:24 Bodkin Arrow
20:28 Crossbowman
22:18 Bow Saw
22:16 Horse Collar
26:51 Ballistics
27:17 Padded Archer Armor
29:20 Leather Archer Armor
30:24 Gold Mining
32:22 Wheelbarrow
32:30 Wheelbarrow
35:51 Imperial Age
34:42 Hand Cart
38:06 Imperial Age
35:49 Town Watch
36:52 Chain Mail Armor
36:48 Forging
36:51 Thumb Ring
38:08 Elite Plumed Archer
39:56 Chemistry
38:21 Capped Ram
41:17 Ring Archer Armor
40:49 Bracer
XEVER | Rivux
5:56 Loom
8:51 Feudal Age
9:27 Double-Bit Axe
14:29 Horse Collar
16:33 Fletching
17:20 Padded Archer Armor
22:13 Castle Age
20:40 Gold Mining
22:24 Crossbowman
23:00 Bodkin Arrow
23:38 Bow Saw
24:38 Wheelbarrow
25:12 Ballistics
28:18 Leather Archer Armor
34:07 Imperial Age
33:02 Elite Skirmisher
35:58 Chemistry
35:27 Hand Cart
35:15 Bracer
36:43 Ring Archer Armor
37:25 Arbalester
38:39 Town Watch
39:45 Masonry
Connection lost

Rejoining the realm…

Still unreachable

The connection could not be restored.

Session expired

The server has moved on; the page needs a fresh start.